 Dungeon Crawl Stone Soup version 0.19-a0-805-g0a78ef0 (webtiles) character file.

60 TheGoonsmith the Chiller (level 4, -2/21 HPs)
             Began as a Vine Stalker Ice Elementalist on June 27, 2016.
             Slain by Crazy Yiuf
             ... wielding a +3 quarterstaff of chaos
              (8 damage)
             ... on level 2 of the Dungeon.
             The game lasted 00:01:53 (1046 turns).

TheGoonsmith the Chiller (VSIE)                     Turns: 1046, Time: 00:01:54

Health: -2/21      AC:  2    Str: 10    XL:     4   Next: 6%
Magic:  0/9        EV: 12    Int: 16    God:
Gold:   85         SH:  0    Dex: 15    Spells: 1 memorised, 7 levels left

rFire  . . .     SeeInvis .     r - +1 dagger (venom)
rCold  . . .     Gourm    .     a - +0 robe
rNeg   . . .     Faith    .     (no shield)
rPois  .         Spirit   +     (no helmet)
rElec  .         Dismiss  .     (no cloak)
rCorr  .         Reflect  .     (no gloves)
SustAt .         Harm     .     (no boots)
MR     .....                    (no amulet)
Stlth  ++........               (no ring)
                                (no ring)

@: not resistant to hostile enchantments, unstealthy
A: fangs 2, regeneration 1, magic shield, antimagic bite, no device heal 3, rot
immunity
a: no special abilities


You were on level 2 of the Dungeon.
You were not hungry.

You visited 1 branch of the dungeon, and saw 2 of its levels.

You collected 85 gold pieces.

Inventory:

Hand Weapons
 r - a +1 dagger of venom (weapon)
Armour
 a - a +0 robe (worn)
Wands
 m - a wand of teleportation (5/9)
Scrolls
 d - a scroll of recharging {unknown}
 e - a scroll of magic mapping {unknown}
 g - 2 scrolls of remove curse {unknown}
 i - 3 scrolls of amnesia {unknown}
 j - a scroll of enchant weapon {unknown}
 k - 2 scrolls of identify {unknown}
 p - a scroll of blinking {unknown}
Potions
 l - 2 potions of agility {unknown}
 n - 2 potions of berserk rage {unknown}
 q - a potion of flight {unknown}
Books
 b - a book of Frost

   Spells                             Type                      Level
   a - Freeze                         Ice                          1
   b - Throw Frost                    Conjuration/Ice              2
   c - Ozocubu's Armour               Charms/Ice                   3
   d - Throw Icicle                   Conjuration/Ice              4
   e - Summon Ice Beast               Ice/Summoning                4
Comestibles
 c - 3 bread rations
 f - 2 meat rations
 h - a beef jerky
 o - a royal jelly
 s - a chunk of flesh


   Skills:
 - Level 1.5 Dodging
 - Level 2.4 Stealth
 + Level 2.9 Spellcasting
   Level 1.0 Conjurations
 * Level 4.3 Ice Magic


You had 7 spell levels left.
You knew the following spells:

 Your Spells              Type           Power        Failure   Level  Hunger
a - Freeze                Ice            ###.         3%          1    #......


Dungeon Overview and Level Annotations

Branches:
Dungeon (2/15)

Altars:

Annotations:
D:2 Crazy Yiuf


Innate Abilities, Weirdness & Mutations

You have extremely sharp teeth.
Your natural rate of healing is unusually fast.
When hurt, damage is shared between your health and your magic reserves.
Your bite disrupts and absorbs the magic of your enemies.
Potions and wands cannot restore your health.
You are immune to rotting.


Message History

Aim: Crazy Yiuf, wielding a quarterstaff of chaos and wearing an embroidered cloak (severely wounded)
You freeze Crazy Yiuf.
Crazy Yiuf is almost dead.
Crazy Yiuf closely misses you.
Casting: Freeze
Confirm with . or Enter, or press ? or * to list all spells.
Aiming: Freeze
Press: ? - help, Shift-Dir - straight line, f/p - Crazy Yiuf
Aim: Crazy Yiuf, wielding a quarterstaff of chaos and wearing an embroidered cloak (almost dead)
You freeze Crazy Yiuf.
Crazy Yiuf is almost dead.
You barely miss Crazy Yiuf.
Crazy Yiuf is almost dead.
Crazy Yiuf hits you with a quarterstaff of chaos.
Crazy Yiuf burns you.
* * * LOW HITPOINT WARNING * * *
You hit Crazy Yiuf but do no damage.
Crazy Yiuf is poisoned.
Crazy Yiuf is almost dead.
Crazy Yiuf hits you with a quarterstaff of chaos!
You die...

#####
#..)#
#.g.#
#.@.#
##'##
##.#
#.##
##.#
#.##
##.##
#...##
#)...#


You could see Crazy Yiuf.

Vanquished Creatures
  Terence (D:2)
  2 adders (D:2)
  3 bats (D:1)
  3 giant cockroaches (D:1)
  2 hobgoblins (D:1)
  3 kobolds
  A giant newt (D:1)
  3 goblins
  3 rats (D:1)
21 creatures vanquished.

Notes
Turn   | Place    | Note
--------------------------------------------------------------
     0 | D:1      | TheGoonsmith the Vine Stalker Ice Elementalist began the quest for the Orb.
     0 | D:1      | Reached XP level 1. HP: 9/9 MP: 4/4
   205 | D:1      | Reached XP level 2. HP: 12/13 MP: 0/6
   780 | D:2      | Reached XP level 3. HP: 16/16 MP: 2/7
   950 | D:2      | Reached skill level 4 in Ice Magic
   957 | D:2      | Noticed Terence
   970 | D:2      | Killed Terence
   970 | D:2      | Reached XP level 4. HP: 12/21 MP: 6/9
  1030 | D:2      | Found a runed door.
  1035 | D:2      | Noticed Crazy Yiuf
  1046 | D:2      | Slain by Crazy Yiuf

Vault maps used:
D:1:      lightli_arrival_flooded_house, serial_bayou_lagoon_b
D:2:      small_statue_intersection, minmay_misc_feat_more_columns,
          uniq_crazy_yiuf_cottage, uniq_terence

Skill      XL: |  1  2  3 |
---------------+----------+-----
Ice Magic      | 4 |  4.3
Dodging        | |  1.5
Stealth        | |  2.4
Spellcasting   | |  2.9
Conjurations   | |  1.0

Action                   |  1- 3 |  4- 6 || total
-------------------------+-------+-------++-------
Melee: Unarmed           |     5 |       ||     5
       Dagger            |     6 |     5 ||    11
       Bite              |     2 |     1 ||     3
 Cast: Freeze            |    35 |     4 ||    39
  Eat: Chunk             |       |     1 ||     1
Armor: Robe              |     6 |       ||     6
Dodge: Dodged            |    26 |     4 ||    30
